 Dungeon Crawl Stone Soup version 0.27.1-15-g792fb953b9 (webtiles) character file.

Game seed: 15459654253558862354

4 croobank the Scratcher (level 1, -2/9 HPs)
             Began as a Felid Transmuter on Nov 19, 2021.
             Slain by a kobold (3 damage)
             ... on level 1 of the Dungeon.
             The game lasted 00:01:00 (148 turns).

croobank the Scratcher (Felid Transmuter)            Turns: 148, Time: 00:01:01

Health: -2/9       AC:  1    Str:  6    XL:     1   Next: 50%
Magic:  3/4        EV: 17    Int: 14    God:
Gold:   0          SH:  0    Dex: 16    Spells: 3/4 levels left
                                        Lives:  0   Deaths: 0

rFire    . . .     SeeInvis +     - Unarmed
rCold    . . .     Faith    .   (shield unavailable)
rNeg     . . .     Spirit   .   (armour unavailable)
rPois    .         Reflect  .   (helmet unavailable)
rElec    .         Harm     .   (cloak unavailable)
rCorr    .         Rampage  .   (gloves unavailable)
Will     .....                  (boots unavailable)
Stlth    +.........             (no amulet)
HPRegen  0.03/turn              (no ring)
MPRegen  0.09/turn              (no ring)

@: lethally poisoned (-2 -> -7), appendages, quick
A: horns 2, very small, claws 1, fangs 3, see invisible, speed 1, shaggy fur 1,
stealthy paws, no weapons or thrown items, no armour, multi-lived
a: End Transformation


You were on level 1 of the Dungeon.
You had temporarily grown beastly horns.
You visited 1 branch of the dungeon, and saw 1 of its levels.

You aren't carrying anything.


   Skills:
 + Level 1.0 Fighting
 + Level 2.9 Dodging
 + Level 3.2 Unarmed Combat
 + Level 2.0 Spellcasting
 + Level 2.1 Transmutations


You had 3 spell levels left.
You knew the following spells:

 Your Spells              Type           Power      Damage    Failure   Level
a - Beastly Appendage     Tmut           14%        N/A       10%         1

Your spell library contained the following spells:

 Spells                   Type           Power      Damage    Failure   Level
 Wereblood                Tmut           7%         N/A       14%         2
 Spider Form              Tmut/Pois      2%         N/A       41%         3
 Ice Form                 Ice/Tmut       4%         N/A       83%         4


Dungeon Overview and Level Annotations

Branches:
Dungeon (1/15)

Altars:


Innate Abilities, Weirdness & Mutations

You have temporarily grown beastly horns.
You have sharp claws.
You have razor-sharp teeth.
You have supernaturally acute eyesight. (SInv)
You cover ground quickly. (Speed+)
You are covered in fur. (AC +1)
Your paws help you pounce on unaware monsters.
You are incapable of wielding weapons or throwing items.
You cannot wear armour.
You gain extra lives every three experience levels.


Message History

The jackal is severely wounded.
Your transformation is almost over.
The jackal bites you. The jackal barely misses you.
You miss the jackal.
The jackal is severely wounded.
The jackal completely misses you.
You barely miss the jackal.
The jackal is severely wounded.
The jackal closely misses you.
You scratch the jackal.
You kill the jackal!
You claw the jackal!
You kill the jackal!
You barely miss the jackal.
You headbutt the jackal, but do no damage.
The jackal closely misses you. x2
You scratch the jackal.
The jackal is heavily wounded.
The jackal closely misses you.
You scratch the jackal.
You kill the jackal!
Your horns disappear.
You start resting.
HP restored.
A rat and a kobold come into view.
The kobold is wielding a +2 whip of venom.
Casting: Beastly Appendage (safe; 10% risk of failure)
Confirm with . or Enter, or press ? or * to list all spells.
You grow a pair of large bovine horns. 2 rats come into view.
The kobold shouts!
You barely miss the kobold. The rat bites you.
The kobold hits you with a +2 whip of venom.
You are lethally poisoned!
You scratch the kobold.
The kobold is severely wounded.
* * * LOW HITPOINT WARNING * * *
You feel sick. The rat closely misses you.
The kobold hits you with a +2 whip of venom.
You die...

# #.# #.#.#
##.#.# #.#..#
##.#.#
#....######
#.#.......#
...#....K..#####
#.#
###..@r...... #.
#.......#####
#.#.....#
...###.### .#r
#.# . . .r# #.
##. .


You could see a kobold and 2 rats.

Vanquished Creatures
  3 jackals (D:1)
3 creatures vanquished.

Notes
Turn   | Place    | Note
-------+----------+-------------------------------------------
     0 | D:1      | croobank the Felid Transmuter began the quest for the Orb.
     0 | D:1      | Reached XP level 1. HP: 9/9 MP: 4/4
     8 | D:1      | Found a faded altar of an unknown god.
   148 | D:1      | Slain by a kobold

Illustrated notes

Levels and vault maps discovered:
D:1:      saegor_arrival_simple_b, layout_loops_ring,
          hellmonk_ecumenical_altar_dog_temple, serial_shops, shop,
          chequers_big_river, minmay_pentomino_v4

Action                   || total
-------------------------++-------
Melee: Unarmed           ||    16
       Headbutt          ||     1
       Bite              ||     1
 Cast: Beastly Appendage ||     3
Dodge: Dodged            ||    14
